 Dungeon Crawl Stone Soup version 0.30-a0-634-g8abc85282e (webtiles) character file.

Game seed: 7928347645861874626

471 Citaku the Covered (level 6, -11/56 HPs)
             Began as a Minotaur Fighter on Jan 14, 2023.
             Mangled by an ogre
             ... wielding a +0 giant club
              (23 damage)
             ... on level 5 of the Dungeon.
             The game lasted 00:05:12 (2534 turns).

Citaku the Covered (Minotaur Fighter)               Turns: 2534, Time: 00:05:12

Health: -11/56     AC:  7    Str: 23    XL:     6   Next: 83%
Magic:  0/5        EV:  9    Int:  8    God:
Gold:   212        SH:  4    Dex:  7    Spells: 5/5 levels left

rFire   . . .      SeeInvis .    p - +5 trident of Jidulohi {holy, rElec rN+ Int+3 Dex-2}
rCold   + . .      Faith    .    c - +0 buckler
rNeg    + . .      Spirit   +    b - +0 scale mail
rPois   .          Reflect  .    (helmet restricted)
rElec   +          Harm     .    (no cloak)
rCorr   .          Rampage  .    (no gloves)
Will    .....                    (no boots) Stlth
                                 i - amulet of guardian spirit
HPRegen 0.29/turn                h - ring of protection from cold
MPRegen 0.09/turn                (no ring)

@: no status effects
A: horns 2, retaliatory headbutt
a: no special abilities


You were on level 5 of the Dungeon.
You visited 1 branch of the dungeon, and saw 5 of its levels.

You collected 212 gold pieces.

Inventory:

Hand Weapons
 a - a +0 war axe
 p - the +5 trident of Jidulohi (weapon) {holy, rElec rN+ Int+3 Dex-2}
   (You found it on level 3 of the Dungeon)

   Int:       It affects your intelligence (+3).
   Dex:       It affects your dexterity (-2).
   rElec:     It insulates you from electricity.
   rN:        It protects you from negative energy.
Armour
 b - a +0 scale mail (worn)
 c - a +0 buckler (worn)
Jewellery
 h - a ring of protection from cold (left hand)
 i - an amulet of guardian spirit (around neck)
Scrolls
 e - 3 scrolls of teleportation {unknown}
 f - 2 scrolls of magic mapping {unknown}
 k - 5 scrolls of identify {unknown}
 l - 2 scrolls of immolation {unknown}
 r - a scroll of acquirement {unknown}
 s - a scroll of fog {unknown}
 t - 3 scrolls of enchant armour {unknown}
 v - a scroll of fear {unknown}
Potions
 d - a potion of might
 g - 2 potions of lignification {unknown}
 j - a potion of flight {unknown}
 m - 2 potions of curing {unknown}
 n - a potion of brilliance {unknown}
 o - a potion of degeneration {unknown}
 q - a potion of magic {unknown}
 u - a potion of heal wounds {unknown}
 w - 2 potions of haste {unknown}


   Skills:
 + Level 5.0 Fighting
 * Level 5.4 Axes
 * Level 6.1 Armour
 + Level 5.0 Shields


You had 5 spell levels left.
You didn't know any spells.
Your spell library contained the following spells:

 Spells                   Type           Power      Damage    Failure   Level
 Apportation              Tloc           0%         N/A       78%         1
 Freeze                   Ice            0%         1d3       78%         1
 Frozen Ramparts          Ice            0%         1d1       98%         3
 Gell's Gravitas          Tloc           0%         N/A       98%         3
 Hailstorm                Conj/Ice       0%         3d3       98%         3
 Lesser Beckoning         Tloc           0%         N/A       98%         3
 Teleport Other           Tloc           0%         N/A       98%         3
 Manifold Assault         Tloc           0%         N/A       100%        4
 Spellforged Servitor     Conj/Summ      0%         N/A       100%        7
 Summon Horrible Things   Summ           0%         N/A       100%        8


Dungeon Overview and Level Annotations

Branches:
Dungeon (5/15)
 Temple: D:4-7

Altars:
Kikubaaqudgha


Innate Abilities, Weirdness & Mutations

You have a pair of horns on your head.
You reflexively headbutt those who attack you in melee.


Message History

You block the phantom's attack.
The centaur shoots an arrow.
The arrow hits you!
You closely miss the phantom.
The phantom is almost destroyed.
The phantom closely misses you.
You puncture the phantom!
You destroy the phantom!
The centaur shoots an arrow.
The arrow hits you!
An ogre comes into view. It is wielding a +0 giant club.
Your Fighting skill increases to level 5!
Your Armour skill increases to level 6!
Your Shields skill increases to level 5!
The centaur shoots an arrow.
The arrow hits you.
The centaur shoots an arrow.
The arrow hits you.
The centaur shoots an arrow.
The arrow hits you but does no damage.
The centaur shoots an arrow.
The arrow barely misses you.
The centaur shoots an arrow.
You block the arrow.
You see here 11 gold pieces.
The centaur shoots an arrow.
You block the arrow.
The centaur shoots an arrow.
The arrow hits you. The ogre barely misses you.
The centaur unwields a +0 shortbow.
You block the centaur's attack. The centaur kicks you.
The ogre hits you with a +0 giant club!
* * * LOW HITPOINT WARNING * * *
You barely miss the ogre. You block the centaur's attack. x2
The centaur misses you. The centaur closely misses you.
You puncture the ogre! You headbutt the ogre.
The ogre is heavily wounded.
The centaur hits you.
* * * LOW HITPOINT WARNING * * *
The centaur kicks you but does no damage.
You block the ogre's attack.
The centaur hits you but does no damage.
The centaur kicks you but does no damage.
You puncture the ogre! Your headbutt misses the ogre.
The ogre is almost dead.
The centaur barely misses you. You furiously retaliate!
You headbutt the centaur! The centaur barely misses you.
The ogre hits you with a +0 giant club!!
You die...

#.# .#... .## ##.#
##.... ...## #..#
#...#
.....##..#####..#
................#
#..............##
..........>..$..#
........O.###.c.#
####?......###O@##
#.......# ##..#
#........# #..##
#..##.....###...#
#.. ##.....#....##
# #.
#...........#.. ..
##....#.........
#..........####
#.........##


You could see an ogre and a centaur.

Vanquished Creatures
  An ice beast (D:5)
  2 phantoms (D:5)
  A hound (D:4)
  An orc wizard (D:4)
  5 adders
  A worm (D:5)
  2 dart slugs
  13 orcs
  11 ball pythons
  5 bats
  8 endoplasms
  3 giant cockroaches
  11 goblins
  4 hobgoblins
  12 jackals
  10 kobolds
  5 quokkas
  5 frilled lizards
  11 rats
  A bush (D:1)
112 creatures vanquished.

Notes
Turn   | Place    | Note
-------+----------+-------------------------------------------
     0 | D:1      | Citaku the Minotaur Fighter began the quest for the Orb.
     0 | D:1      | Reached XP level 1. HP: 19/19 MP: 0/0
    26 | D:1      | Reached XP level 2. HP: 17/27 MP: 1/1
   189 | D:1      | Found a faded altar of an unknown god.
   246 | D:1      | Reached skill level 4 in Armour
   382 | D:1      | Reached XP level 3. HP: 30/33 MP: 2/2
   716 | D:2      | Got the Discursus on Amalgamated Space
   848 | D:2      | Reached XP level 4. HP: 33/40 MP: 3/3
  1157 | D:3      | Found an ancient bone altar of Kikubaaqudgha.
  1174 | D:3      | Identified the +5 trident of Jidulohi {holy, rElec rN+
                  | Int+3 Dex-2}
  1710 | D:4      | Reached skill level 5 in Armour
  1710 | D:4      | Reached XP level 5. HP: 47/47 MP: 4/4
  2278 | D:5      | Entered Level 5 of the Dungeon
  2287 | D:5      | Noticed an ice beast
  2290 | D:5      | Noticed a phantom
  2320 | D:5      | Killed a phantom
  2321 | D:5      | Reached XP level 6. HP: 47/53 MP: 3/5
  2324 | D:5      | Killed an ice beast
  2325 | D:5      | Reached skill level 5 in Axes
  2519 | D:5      | Reached skill level 5 in Fighting
  2519 | D:5      | Reached skill level 6 in Armour
  2519 | D:5      | Reached skill level 5 in Shields
  2534 | D:5      | Mangled by an ogre

Illustrated notes

Levels and vault maps discovered:
D:1:      elethiomel_arrival_shortcut, layout_rooms,
          ebering_ecumenical_altar_rust, minmay_hedge_maze, minmay_surrounded
D:2:      cheibrodos_helix_gallery, layout_basic, minmay_pentomino_x4
D:3:      layout_rooms, mainiacjoe_overflow_cross_hatched
D:4:      layout_rooms
D:5:      nicolae_cairo_tiling_large, layout_layer_cave,
          minmay_temple_entry_butterflies, serial_shops, shop_coins

Skill      XL: |  1  2  3  4  5  6 |
---------------+-------------------+-----
Axes           | 3 4 5 |  5.4
Armour         | 4 5 6 |  6.1
Fighting       | 4 5 |  5.0
Shields        | 4 5 |  5.0

Action                   |  1- 3 |  4- 6 || total
-------------------------+-------+-------++-------
Melee: War axe           |   123 |    18 ||   141
       Headbutt          |    27 |    11 ||    38
       Trident           |       |   108 ||   108
  Use: Potion            |       |     1 ||     1
Armor: Scale mail        |    53 |    70 ||   123
Dodge: Dodged            |    47 |    69 ||   116
Block: Buckler           |    26 |    35 ||    61

Table legend: (Time is in decaauts)
 A = Elapsed time spent in this place.
 B = Non-inter-level travel time spent in this place.
 C = Inter-level travel time spent in this place.
 D = Time resting spent in this place.
 E = Time spent auto-exploring this place.
 F = Levels seen in this place.
 G = Mean time per level.
                   A        B        C        D        E       F      G
               +--------+--------+--------+--------+--------+-----+--------+
         Total |   2610 |   2565 |     45 |     10 |   1748 |   5 |  522.0 |
       Dungeon |   2610 |   2565 |     45 |     10 |   1748 |   5 |  522.0 |
               +--------+--------+--------+--------+--------+-----+--------+

Top non-repeatable levels by time:
     D:1: 669 daAuts
     D:4: 600 daAuts
     D:3: 552 daAuts
     D:2: 541 daAuts
     D:5: 246 daAuts
